 Dungeon Crawl Stone Soup version 0.32-a0-42-ga30500b4d3 (webtiles) character file.

Game seed: 9106174900923604027

14506 Newt the Fighter (level 12, -10/82 HPs)
             Began as a Gargoyle Fighter on Feb 2, 2024.
             Was a High Priest of Okawaru.
             Mangled by a shadow wraith (14 damage)
             ... on level 13 of the Dungeon.
             The game lasted 00:20:05 (13840 turns).

Newt the Fighter (Gargoyle Fighter)                Turns: 13840, Time: 00:20:06

Health: -10/82     AC: 24    Str: 27    XL:     12   Next: 17%
Magic:  12/12      EV: 10    Int: 10    God:    Okawaru [*****.]
Gold:   629        SH: 11    Dex:  9    Spells: 11/11 levels left

rFire   + . .        P - +2 eveningstar (freeze)
rCold   . . .        H - +1 kite shield
rNeg    + . .        E - +0 swamp dragon scales
rPois   ∞            n - +2 helmet
rElec   +            (no cloak)
rCorr   .            z - +1 pair of gloves {Str+3}
SInv    .            (no boots)
Will    .....        m - amulet of faith Stlth
                     r - ring of protection from fire
HPRegen 0.33/turn    (no ring)
MPRegen 0.13/turn

%: faith
@: slowed, studying Shields, very slow
A: sickness immunity, AC +8, negative energy resistance 1, electricity
resistance, torment resistance 1, petrification resistance
a: Renounce Religion, Heroism, Finesse, Duel


You were on level 13 of the Dungeon.
You worshipped Okawaru.
Okawaru was extremely pleased with you.
You visited 2 branches of the dungeon, and saw 14 of its levels.
You also visited: Bailey.

You collected 798 gold pieces.
You spent 169 gold pieces at shops.

Inventory:

Hand Weapons
 a - a +0 flail
 e - a +4 hand axe
 i - a +2 whip of flaming
 B - a +1 vampiric hand axe
 P - a +2 eveningstar of freezing (weapon)
Missiles
 s - 9 poisoned darts
 v - 17 boomerangs (quivered)
 J - 2 silver javelins
 O - 2 curare-tipped darts
Armour
 n - a +2 helmet (worn)
 z - a +1 pair of gloves of strength (worn)
 E - +0 swamp dragon scales (worn)
 H - a +1 kite shield (worn)
Jewellery
 m - an amulet of faith (around neck)
 p - an amulet of magic regeneration
 r - a ring of protection from fire (left hand)
 w - a ring of ice
Wands
 y - a wand of flame (31)
 A - a wand of polymorph (21)
 G - a wand of paralysis (9)
 K - a wand of roots (6)
 L - a wand of quicksilver (4)
 M - a wand of mindburst (10)
Scrolls
 c - a scroll of immolation
 f - 4 scrolls of teleportation
 g - a scroll of noise
 h - 6 scrolls of vulnerability
 o - a scroll of fog
 x - 2 scrolls of poison
 D - a scroll of fear
 I - a scroll of summoning
Potions
 b - 2 potions of cancellation {unknown}
 d - a potion of lignification
 j - 3 potions of curing
 k - 5 potions of enlightenment
 l - 2 potions of attraction
 t - a potion of ambrosia
 u - 2 potions of degeneration {unknown}
 F - a potion of might
 N - a potion of magic {unknown}


   Skills:
 + Level 12.8 Fighting
 - Level 6.7 Maces & Flails
 * Level 7.4 Throwing
 - Level 9.6 Armour
 - Level 8.5 Shields
 - Level 6.5 Evocations


You had 11 spell levels left.
You didn't know any spells.
Your spell library contained the following spells:

 Spells                   Type           Power      Damage    Failure   Level
 Apportation              Tloc           0%         N/A       65%         1
 Kiss of Death            Conj/Necr      0%         2d5       65%         1
 Jinxbite                 Hex            0%         N/A       80%         2
 Mercury Vapours          Alch/Air       0%         N/A       80%         2
 Confusing Touch          Hex            0%         N/A       95%         3
 Mephitic Cloud           Conj/Alch/Air  0%         N/A       95%         3
 Dimensional Bullseye     Hex/Tloc       0%         N/A       100%        4
 Dispel Undead            Necr           0%         3d6       100%        4
 Iskenderun's Mystic Bla  Conj/Tloc      0%         2d3       100%        4
 Alistair's Intoxication  Alch           0%         N/A       100%        5
 Freezing Cloud           Conj/Ice/Air   0%         6-21      100%        5
 Yara's Violent Unravell  Hex/Alch       0%         3d3       100%        5
 Tukima's Dance           Hex            Unusable   N/A       N/A         3

Dungeon Overview and Level Annotations

Branches:
Dungeon (13/15)            Temple (1/1) D:7            Lair (0/5) D:9
    Orc (0/2) D:10         Bailey (visited)
 Vaults: D:13-14

Altars:
Ashenzari
Cheibriados
Dithmenos
Elyvilon
Gozag
Hepliaklqana
Makhleb
Nemelex Xobeh
Okawaru
Qazlal
Ru
Sif Muna
Trog
Uskayaw
Vehumet
Wu Jian
Xom
Yredelemnul
Zin
The Shining One

Shops:
D:3 !

Annotations:
D:4 1 runed translucent door, Crazy Yiuf


Innate Abilities, Weirdness & Mutations

You are immune to sickness and miasma.
Your stone body is resilient. (AC +8)
You are immune to poison.
You resist negative energy. (rN+)
You are resistant to electric shocks. (rElec)
You are resistant to unholy torment.
You are immune to petrification.


Message History

Unknown command.
You feel much better.
The deep troll bites you but does no damage.
You block the deep troll's attack.
The deep troll claws you but does no damage.
Something hits you.
You barely miss the deep troll. The deep troll bites you!
The deep troll closely misses you.
The deep troll claws you but does no damage.
Something hits you but does no damage.
The deep troll bites you but does no damage.
You block the deep troll's attack.
The deep troll claws you but does no damage.
You block something's attack.
You closely miss the deep troll. You block the deep troll's attack.
The deep troll claws you!
* * * LOW HITPOINT WARNING * * *
You block the deep troll's attack. Something hits you!
* * * LOW HITPOINT WARNING * * *
Something drains your vigour!
You feel as though you will be slow longer.
You block the deep troll's attack. The deep troll claws you.
* * * LOW HITPOINT WARNING * * *
The deep troll claws you but does no damage.
Something hits you but does no damage.
Unknown command.
You feel much better. The deep troll bites you.
* * * LOW HITPOINT WARNING * * *
The deep troll claws you.
* * * LOW HITPOINT WARNING * * *
The deep troll claws you but does no damage.
Something hits you.
* * * LOW HITPOINT WARNING * * *
As you read the scroll of fear, it crumbles to dust.
You assume a fearsome visage.
The deep troll looks frightened!
Something hits you but does no damage. x2
As you read the scroll labelled VOFAOR DIF GAF, it crumbles to dust.
It is a scroll of amnesia.
You feel forgetful for a moment. Something hits you!
You die...

#.......#
#..####.# #..#
#># #..## #.#
#####...###.#
.............#
########.....#
#.....#
#.@...#
#.{...#
#.....#
#.[.....#
#T......#
#.......#
#.#.....#
#.#.....#
....#####


You could see a deep troll (fleeing).

Vanquished Creatures
  An ice dragon (D:13)
  A centaur warrior (D:13)
  A boulder beetle (D:12)
  Urug (D:13)
  An ugly thing (D:12)
  Pikel (D:4)
  2 orc knights (Bailey)
  A manticore (shapeshifter) (D:13)
  2 manticores (D:12)
  2 cyclopes (D:12)
  An elephant (D:8)
  2 gargoyles (D:12)
  A cane toad (shapeshifter) (D:13)
  A kobold demonologist (D:10)
  2 komodo dragons (D:12)
  Maggie (D:7)
  A hornet (D:10)
  A vampire (D:10)
  2 shadows (D:10)
  A wraith (D:13)
  2 wyverns (D:10)
  2 basilisks
  3 yaks (D:10)
  A steam dragon (D:9)
  Grum (D:8)
  2 water moccasins
  An ice beast (D:7)
  A sky beast (D:8)
  11 orc warriors
  4 black bears
  3 wolves (D:8)
  A lemure (D:4)
  2 centaurs
  A kobold brigand (D:8)
  A bullfrog (D:9)
  4 scorpions
  11 killer bees
  4 howler monkeys
  A bombardier beetle (D:4)
  3 crimson imps (D:10)
  6 hounds
  4 jellies
  6 orc priests
  A gnoll bouda (D:4)
  A sleepcap (D:7)
  3 iguanas
  5 orc wizards
  8 adders
  7 gnolls
  A shadow imp (D:5)
  2 white imps
  2 dart slugs (D:3)
  2 ribbon worms (D:2)
  28 orcs
  2 endoplasms
  5 giant cockroaches
  15 goblins
  6 hobgoblins
  4 quokkas
  7 ball pythons
  5 bats
  5 frilled lizards
  21 kobolds
  11 rats
242 creatures vanquished.

Vanquished Creatures (others)
  A vampire (D:13)
1 creature vanquished.

Grand Total: 243 creatures vanquished

Notes
Turn   | Place    | Note
-------+----------+-------------------------------------------
     0 | D:1      | Newt the Gargoyle Fighter began the quest for the Orb.
     0 | D:1      | Reached XP level 1. HP: 14/14 MP: 1/1
   150 | D:1      | Reached XP level 2. HP: 19/19 MP: 2/2
   535 | D:2      | Reached XP level 3. HP: 22/24 MP: 3/3
   732 | D:2      | Reached skill level 4 in Fighting
  1017 | D:2      | Reached XP level 4. HP: 29/29 MP: 4/4
  1210 | D:3      | Found Ihalill's Distillery.
  1218 | D:3      | Bought a potion of curing for 39 gold pieces
  1218 | D:3      | Bought a potion of heal wounds for 65 gold pieces
  1218 | D:3      | Bought a potion of enlightenment for 65 gold pieces
  1267 | D:3      | Found a bloodstained altar of Trog.
  1370 | D:3      | Reached XP level 5. HP: 26/34 MP: 5/5
  1898 | D:4      | Reached skill level 5 in Maces & Flails
  1906 | D:4      | Noticed a lemure
  1910 | D:4      | Noticed a lemure
  1915 | D:4      | Noticed Pikel
  1918 | D:4      | Noticed a lemure
  1919 | D:4      | Killed a lemure
  1923 | D:4      | Noticed a lemure
  1938 | D:4      | Killed Pikel
  1939 | D:4      | Reached skill level 6 in Fighting
  1939 | D:4      | Reached XP level 6. HP: 12/41 MP: 6/6
  1939 | D:4      | Reached XP level 7. HP: 13/46 MP: 7/7
  2017 | D:4      | Paralysed by a kobold for 2 turns
  2782 | D:4      | Reached XP level 8. HP: 52/52 MP: 8/8
  2894 | D:4      | Found a runed translucent door.
  2895 | D:4      | Noticed Crazy Yiuf
  2920 | D:5      | Entered Level 5 of the Dungeon
  2961 | D:4      | Reached skill level 5 in Armour
  3470 | D:5      | Found a radiant altar of Vehumet.
  3511 | D:5      | Reached skill level 1 in Throwing
  3787 | D:5      | Reached skill level 7 in Fighting
  4627 | D:6      | Reached skill level 5 in Shields
  4708 | D:6      | Reached XP level 9. HP: 59/59 MP: 9/9
  4723 | D:6      | Noticed a rust devil
  4723 | D:6      | Noticed a rust devil
  4828 | D:7      | Found a staircase to the Ecumenical Temple.
  4833 | D:7      | Reached skill level 8 in Fighting
  4843 | Temple   | Entered the Ecumenical Temple
  4849 | Temple   | Became a worshipper of Warmaster Okawaru
  5155 | D:7      | Found a flagged portal.
  5174 | D:7      | Reached skill level 1 in Evocations
  5187 | Bailey   | Entered a bailey
  5230 | Bailey   | Noticed an orc knight
  5239 | Bailey   | Noticed an orc knight
  5665 | Bailey   | Killed an orc knight
  5665 | Bailey   | Reached * piety under Okawaru
  5666 | Bailey   | Reached skill level 9 in Fighting
  5693 | Bailey   | Killed an orc knight
  5693 | Bailey   | Reached ** piety under Okawaru
  5694 | Bailey   | Reached skill level 5 in Evocations
  6198 | D:7      | Reached XP level 10. HP: 53/66 MP: 10/10
  6367 | D:7      | Noticed Maggie
  6387 | D:7      | Killed Maggie
  7175 | D:8      | Noticed Grum
  7182 | D:8      | Killed Grum
  7183 | D:8      | Reached skill level 10 in Fighting
  7188 | D:8      | Reached *** piety under Okawaru
  7615 | D:8      | Found a snail-covered altar of Cheibriados.
  7618 | D:8      | Found a burning altar of Makhleb.
  7622 | D:8      | Found a hide-covered altar of Uskayaw.
  7827 | D:10     | Entered Level 10 of the Dungeon
  8443 | D:9      | Noticed an elephant
  8493 | D:8      | Killed an elephant
  8493 | D:8      | Reached **** piety under Okawaru
  8682 | D:9      | Found a staircase to the Lair.
  9772 | D:10     | Found a staircase to the Orcish Mines.
  9791 | D:10     | Reached skill level 11 in Fighting
  9791 | D:10     | Reached XP level 11. HP: 74/74 MP: 11/11
  9848 | D:10     | Reached ***** piety under Okawaru
 10288 | D:10     | Noticed a soul eater
 10833 | D:10     | Found a shimmering altar of Xom.
 11001 | D:10     | Found a sparkling altar of Nemelex Xobeh.
 11001 | D:10     | Found a glowing golden altar of the Shining One.
 11009 | D:10     | Found a white marble altar of Elyvilon.
 11011 | D:10     | Found a shadowy altar of Dithmenos.
 11013 | D:10     | Found a faded altar of an unknown god.
 11132 | D:11     | Noticed a skeletal warrior
 11132 | D:11     | Noticed a skeletal warrior
 11132 | D:11     | Noticed a skeletal warrior
 11132 | D:11     | Noticed a skeletal warrior
 11217 | D:12     | Noticed a green ugly thing
 11238 | D:12     | Killed a green ugly thing
 11695 | D:12     | Found an iron altar of Okawaru.
 11873 | D:12     | Received a gift from Okawaru
 11893 | D:12     | Noticed a cyclops
 11943 | D:13     | Noticed a manticore
 11963 | D:13     | Killed a manticore
 12288 | D:13     | Noticed a centaur warrior
 12314 | D:13     | Killed a centaur warrior
 12606 | D:12     | Reached skill level 12 in Fighting
 12626 | D:12     | Reached skill level 5 in Throwing
 12710 | D:12     | Noticed a cyclops
 12710 | D:12     | Noticed a manticore
 12727 | D:12     | Killed a cyclops
 12739 | D:12     | Killed a manticore
 12742 | D:12     | Got the Directory of Curses and Distillation
 12875 | D:12     | Noticed a manticore
 12887 | D:12     | Killed a manticore
 13035 | D:12     | Killed a cyclops
 13035 | D:12     | Received a gift from Okawaru
 13138 | D:12     | Noticed a boulder beetle
 13156 | D:12     | Killed a boulder beetle
 13420 | D:13     | Noticed Urug
 13439 | D:13     | Killed Urug
 13440 | D:13     | Reached XP level 12. HP: 36/82 MP: 12/12
 13815 | D:13     | Noticed an ice dragon
 13828 | D:13     | Killed an ice dragon
 13838 | D:13     | HP: 3/82 [something (5)]
 13840 | D:13     | Mangled by a shadow wraith

Illustrated notes

Levels and vault maps discovered:
D:1:      ebering_hopf_link, layout_rooms, minmay_misc_feat_rugged
D:2:      layout_rooms, minmay_vboxes
D:3:      layout_loops_ring, mainiacjoe_overflow_paths, serial_shops,
          nicolae_shop_tiny_statue_garden
D:4:      layout_basic, hex_intersection, minivault_24, uniq_crazy_yiuf_cottage,
          uniq_pikel
D:5:      layout_rooms, mainiacjoe_overflow_surrounded_room, minmay_manual_mess
D:6:      cheibrodos_iron_armory, layout_layer_cave, kiku_gazebo_pond_becter,
          tgw_fedhas, sword_in_stone
D:7:      layout_loops_ring, minmay_temple_entry_drinking_statues,
          enter_bailey_3, uniq_maggie
D:8:      layout_loops_cross, grunt_temple_overflow_diamond, uniq_grum
D:9:      layout_cross, david_lair_generic
D:10:     layout_cave_pools, chequers_temple_overflow_minitemple, led_xom_imps,
          orc_0_dummy, minivault_16
D:11:     layout_roguey
D:12:     layout_irregular_city, okawaru_gym_becter
D:13:     layout_small_grid, david_vaults_4, uniq_urug
Temple:   hellmonk_temple_micro_hex

Skill      XL: |  1  2  3  4  5  6  7  8  9 10 11 12 |
---------------+-------------------------------------+-----
Maces & Flails | 3 4 6 |  6.7
Fighting       | 4 6 7 9 11 12 | 12.8
Armour         | 4 5 8 9 |  9.6
Throwing       | 3 6 7 |  7.4
Shields        | 5 6 8 |  8.5
Evocations     | 5 6 |  6.5

Action                     |  1- 3 |  4- 6 |  7- 9 | 10-12 || total
---------------------------+-------+-------+-------+-------++-------
  Melee: Flail             |   163 |   119 |       |       ||   282
         Whip              |       |       |   423 |   749 ||  1172
         Eveningstar       |       |       |       |    34 ||    34
  Throw: Boomerang         |       |       |   124 |    38 ||   162
         Dart              |       |       |     6 |    16 ||    22
  Evoke: Wand              |       |       |    11 |     7 ||    18
    Use: Scroll            |     3 |     5 |     3 |    10 ||    21
         Potion            |       |     2 |     5 |     4 ||    11
   Stab: Paralysed         |       |       |    36 |    16 ||    52
 Armour: Scale mail        |   129 |    85 |   287 |    37 ||   538
         Skin              |       |     8 |       |       ||     8
         Swamp dragon scal |       |       |       |   594 ||   594
  Dodge: Dodged            |    87 |    55 |   154 |   282 ||   578
  Block: Buckler           |    42 |    25 |    67 |    15 ||   149
         Kite shield       |       |       |       |   431 ||   431

Table legend: (Time is in decaauts)
 A = Elapsed time spent in this place.
 B = Non-inter-level travel time spent in this place.
 C = Inter-level travel time spent in this place.
 D = Time resting spent in this place.
 E = Time spent auto-exploring this place.
 F = Levels seen in this place.
 G = Mean time per level.
                   A        B        C        D        E       F      G
               +--------+--------+--------+--------+--------+-----+--------+
         Total |  13763 |  13577 |    186 |   4649 |   6158 |  15 |  917.5 |
       Dungeon |  12550 |  12369 |    181 |   4074 |   5953 |  13 |  965.4 |
        Temple |    244 |    239 |      5 |    233 |      0 |   1 |  244.0 |
        Bailey |    968 |    968 |      0 |    342 |    205 |   1 |  968.0 |
               +--------+--------+--------+--------+--------+-----+--------+

Top non-repeatable levels by time:
    D:10: 1622 daAuts
    D:12: 1551 daAuts
     D:4: 1155 daAuts
    D:13: 1123 daAuts
     D:9: 1101 daAuts
     D:5: 1014 daAuts
  Bailey: 968 daAuts
     D:7: 963 daAuts
     D:8: 938 daAuts
     D:3: 902 daAuts
     D:6: 663 daAuts
     D:2: 580 daAuts
     D:1: 522 daAuts
    D:11: 408 daAuts
  Temple: 244 daAuts
